 Dungeon Crawl Stone Soup version 0.19-a0-27-g415f530 (webtiles) character file.

377 Ratboiler the Slicer (level 7, -1/41 HPs)
             Began as a Kobold Wanderer on May 1, 2016.
             Slain by an ogre
             ... wielding a +0 giant club
              (10 damage)
             ... on level 4 of the Dungeon.
             The game lasted 00:07:14 (4189 turns).

Ratboiler the Slicer (Kobold Wanderer)              Turns: 4189, Time: 00:07:14

Health: -1/41      AC:  5    Str: 10    XL:     7   Next: 4%
Magic:  7/7        EV: 11    Int: 11    God:
Gold:   146        SH:  0    Dex: 17    Spells: 0 memorised, 6 levels left

rFire  . . .     SeeInvis .     a - +2 falchion
rCold  . . .     Gourm    .     j - +0 ring mail
rNeg   . . .     Faith    .     (shield restricted)
rPois  .         Spirit   .     (no helmet)
rElec  .         Dismiss  .     (no cloak)
rCorr  .         Reflect  .     (no gloves)
SustAt .         Harm     .     (no boots)
MR     .....                    k - amulet of magic regeneration
Stlth  +.........               (no ring)
                                (no ring)

@: not resistant to hostile enchantments, very unstealthy
A: carnivore 3
a: no special abilities


You were on level 4 of the Dungeon.
You were very full.

You visited 1 branch of the dungeon, and saw 4 of its levels.
You also visited: Sewer.

You collected 146 gold pieces.

Inventory:

Hand Weapons
 a - a +2 falchion (weapon)
 b - a +0 blowgun
 e - a +0 dagger
Missiles
 s - 10 poisoned needles
Armour
 d - a +0 robe
 j - a +0 ring mail (worn)
Jewellery
 g - a +2 amulet of reflection
 k - an amulet of magic regeneration (around neck)
Wands
 q - a wand of confusion (29/48)
Scrolls
 c - 3 scrolls of teleportation
 r - a scroll of fog {unknown}
 w - 2 scrolls of recharging {unknown}
Potions
 h - 3 potions of might
 i - 4 potions of flight
 m - a potion of brilliance {unknown}
 n - 2 potions of heal wounds
 o - a potion of berserk rage {unknown}
Comestibles
 f - 4 meat rations
 l - a slice of pizza


   Skills:
 - Level 3.2 Fighting
 * Level 8.1(9.1) Short Blades
 - Level 3.7(5.0) Long Blades
 - Level 1.1 Throwing
 - Level 1.3 Stealth
 - Level 1.2 Evocations


You had 6 spell levels left.
You didn't know any spells.

Dungeon Overview and Level Annotations

Branches:
Dungeon (4/15)
 Temple: D:4-7

Altars:
Yredelemnul
Zin

Shops:
D:4 =

Annotations:
D:3 Grinder


Innate Abilities, Weirdness & Mutations

You are small and have problems with some larger weapons.
You are carnivorous and can eat meat at any time.


Message History

You are too injured to fight recklessly!
You completely miss the ogre.
The ogre is lightly wounded.
The ogre barely misses you.
You barely miss the ogre.
The ogre is lightly wounded.
The ogre hits you with a giant club.
You completely miss the ogre.
The ogre is lightly wounded.
The ogre barely misses you.
You slash the ogre!
The ogre is heavily wounded.
You hit the ogre.
The ogre is heavily wounded.
The ogre hits you with a giant club!
* * * LOW HITPOINT WARNING * * *
You slash the ogre!
The ogre is almost dead.
The ogre hits you with a giant club!
You die...

#.# ##. #.#... ## #
############.#.# ..# #
...............# # #.#.#
.............#######.##.#+###.#.#
.......................>......#..
...............!## #......#..
..#######...###..# +......... ..#
#.....# ##@# ##.......## ..#
#.....# #O.# #........... ..#
#....## ##.# ...######..# ..#
#....# .# . #..# ..# #....# .#
#..# ..# #....# .# #..# ..#
###### .. #... ..# #. #.## ..#
#รท#


You could see an ogre.

Vanquished Creatures
  A big kobold (Sewer)
  An iguana (D:4)
  Ijyb (D:3)
  2 worker ants (D:4)
  8 adders
  A river rat (Sewer)
  2 oozes (D:2)
  4 worms
  3 dart slugs
  3 giant geckos
  4 orcs (D:3)
  6 giant cockroaches
  10 goblins
  7 hobgoblins
  13 jackals
  7 kobolds
  2 quokkas
  A ball python (D:2)
  6 bats
  7 giant newts
  9 rats
98 creatures vanquished.

Notes
Turn   | Place    | Note
--------------------------------------------------------------
     0 | D:1      | Ratboiler the Kobold Wanderer began the quest for the Orb.
     0 | D:1      | Ratboiler set off with: a +2 falchion, a potion of curing, a scroll of teleportation, a +0 robe, a meat ration
     0 | D:1      | Reached XP level 1. HP: 14/14 MP: 1/1
    59 | D:1      | Reached XP level 2. HP: 1/19 MP: 2/2
   256 | D:1      | Reached skill level 1 in Short Blades
   274 | D:1      | Reached XP level 3. HP: 14/23 MP: 3/3
   450 | D:1      | Reached skill level 2 in Short Blades
   720 | D:1      | Reached skill level 3 in Short Blades
  1070 | D:2      | Reached XP level 4. HP: 28/28 MP: 4/4
  1356 | D:2      | Reached skill level 4 in Short Blades
  1800 | D:2      | Found a glowing silver altar of Zin.
  1951 | D:3      | Found a glowing drain.
  1968 | D:3      | Reached XP level 5. HP: 25/32 MP: 5/5
  1980 | D:3      | Reached skill level 5 in Short Blades
  2067 | Sewer    | Entered a sewer
  2235 | Sewer    | Noticed a big kobold
  2272 | Sewer    | Killed a big kobold
  2272 | Sewer    | Reached skill level 6 in Short Blades
  2272 | Sewer    | Reached XP level 6. HP: 30/37 MP: 6/6
  2323 | Sewer    | Found a white marble altar of Elyvilon.
  2406 | D:3      | Noticed Grinder
  2863 | D:3      | Reached skill level 7 in Short Blades
  2944 | D:3      | Noticed Ijyb
  2975 | D:3      | Killed Ijyb
  3831 | D:4      | Reached skill level 8 in Short Blades
  3832 | D:4      | Found a basalt altar of Yredelemnul.
  3856 | D:4      | Reached XP level 7. HP: 10/41 MP: 7/7
  4097 | D:4      | Found Vieprox's Jewellery Shop.
  4189 | D:4      | Slain by an ogre

Vault maps used:
D:1:      lordsloth_arrival_two_stooges
D:2:      zin_treasury, first_bread
D:3:      gup_sewer_entry_glass, hex_large, uniq_iyjb, uniq_grinder
D:4:      yredelemnul_altar_generic, serial_shops, nicolae_shop_behind_doors,
          grunt_decor_cap
Sewer:    sewer_kobolds

Skill      XL: |  1  2  3  4  5  6 |
---------------+-------------------+-----
Short Blades   | 1 3 4 6 8 |  8.1
Fighting       | |  3.2
Long Blades    | |  3.7
Throwing       | |  1.1
Stealth        | |  1.3
Evocations     | |  1.2

Action                   |  1- 3 |  4- 6 |  7- 9 || total
-------------------------+-------+-------+-------++-------
Melee: Falchion          |    93 |   237 |    10 ||   340
  Use: Potion            |     1 |     2 |       ||     3
       Scroll            |     3 |     4 |     1 ||     8
 Stab: Sleeping          |     3 |     1 |       ||     4
  Eat: Chunk             |     9 |     9 |       ||    18
Armor: Robe              |    10 |       |       ||    10
       Ring mail         |    25 |    87 |       ||   112
Dodge: Dodged            |    66 |   138 |     4 ||   208
Block: Other             |     6 |    16 |       ||    22
